 Dungeon Crawl Stone Soup version 0.26-a0-613-g4f23886233 (webtiles) character file.

Game seed: 11458771203227080028

9 DogServant the Conjurer (level 2, 20/20 HPs)
             Began as a Draconian Conjurer on Sept 11, 2020.
             Quit the game on level 1 of the Dungeon.
             The game lasted 00:01:56 (541 turns).

DogServant the Conjurer (Draconian Conjurer)         Turns: 541, Time: 00:01:57

Health: 20/20      AC:  4    Str:  9    XL:     2   Next: 3%
Magic:  1/5        EV: 12    Int: 18    God:
Gold:   23         SH:  0    Dex:  9    Spells: 4/5 levels left

rFire    . . .     SeeInvis .   (no weapon)
rCold    . . .     Faith    .   (no shield)
rNeg     . . .     Spirit   .   (armour unavailable)
rPois    .         Reflect  .   (helmet restricted)
rElec    .         Harm     .   (no cloak)
rCorr    .                      (no gloves)
MR       .....                  (no boots)
Stlth    ++........             (no amulet)
HPRegen  0.06/turn              (no ring)
MPRegen  0.09/turn              (no ring)

@: no status effects
A: unfitting armour, cold-blooded, AC +4
a: no special abilities


You were on level 1 of the Dungeon.
You visited 1 branch of the dungeon, and saw 1 of its levels.

You collected 23 gold pieces.

Inventory:

Jewellery
 b - a +6 ring of strength {unknown}
Scrolls
 a - a scroll of noise {unknown}
 c - a scroll of remove curse {unknown}
 d - a scroll of identify {unknown}
Potions
 e - a potion of ambrosia {unknown}


   Skills:
 - Level 1.7 Dodging
 - Level 1.7 Stealth
 + Level 2.3 Spellcasting
 + Level 4.2 Conjurations


You had 4 spell levels left.
You knew the following spells:

 Your Spells              Type           Power        Failure   Level
a - Magic Dart            Conj           ###.         3%          1

Your spell library contained the following spells:

 Spells                   Type           Power        Failure   Level
 Searing Ray              Conj           ###...       4%          2
 Dazzling Flash           Conj/Hex       #.....       22%         3
 Fulminant Prism          Conj/Hex       #.........   58%         4
 Iskenderun's Mystic Bla  Conj/Tloc      #.......     58%         4


Dungeon Overview and Level Annotations

Branches:
Dungeon (1/15)

Altars:


Innate Abilities, Weirdness & Mutations

Your plain brown scales are hard. (AC +4)
You cannot fit into any form of body armour.
You are cold-blooded and may be slowed by cold attacks.


Message History

e - a bubbling brown potion You open the door.
A hobgoblin comes into view.
Casting: Magic Dart (safe; 3% risk of failure)
Confirm with . or Enter, or press ? or * to list all spells.
Aiming: Magic Dart (safe; 3% risk of failure)
Press: ? - help, Shift-Dir - straight line, f - hobgoblin
Aim: a hobgoblin (asleep)
The magic dart hits the hobgoblin.
The hobgoblin is moderately wounded.
The hobgoblin shouts!
Casting: Magic Dart (safe; 3% risk of failure)
Confirm with . or Enter, or press ? or * to list all spells.
Aiming: Magic Dart (safe; 3% risk of failure)
Press: ? - help, Shift-Dir - straight line, f/p - hobgoblin
Aim: a hobgoblin (moderately wounded)
The magic dart hits the hobgoblin.
You kill the hobgoblin!
You have reached level 2!
Are you sure you want to abandon this character and quit the game? (Confirm with "yes".)

#)# #.# #.# ####.#####
#[# #........# #.#
#.##.###.# +# #.#
#.#.#.##.# ... #.#
#(.###.#.# .... #.# #(##
##..# .....
#.####..###...####......
.........#......@'...†..
.#.####.......####......
#.## #......## ..... #.#
#.....## .... #.#
##...## ... #.# ###.# +#
#.# #.# #.# #.# #.# #.#


There were no monsters in sight!

Vanquished Creatures
  A giant cockroach (D:1)
  A goblin (D:1)
  2 hobgoblins (D:1)
  2 bats (D:1)
  A kobold (D:1)
  A rat (D:1)
8 creatures vanquished.

Notes
Turn   | Place    | Note
-------+----------+-------------------------------------------
     0 | D:1      | DogServant the Draconian Conjurer began the quest for the
                  | Orb.
     0 | D:1      | Reached XP level 1. HP: 14/14 MP: 3/3
   540 | D:1      | Reached XP level 2. HP: 20/20 MP: 1/5
   541 | D:1      | Quit the game

Illustrated notes

Levels and vault maps discovered:
D:1:      elethiomel_arrival_shortcut, layout_loops_corners

Action                   || total
-------------------------++-------
Melee: Unarmed           ||    20
 Cast: Magic Dart        ||    14
Armor: Skin              ||     8
Dodge: Dodged            ||    20

Table legend: (Time is in decaauts)
 A = Elapsed time spent in this place.
 B = Non-inter-level travel time spent in this place.
 C = Inter-level travel time spent in this place.
 D = Time resting spent in this place.
 E = Time spent auto-exploring this place.
 F = Levels seen in this place.
 G = Mean time per level.
                   A        B        C        D        E       F      G
               +--------+--------+--------+--------+--------+-----+--------+
         Total |    541 |    541 |      0 |      0 |    467 |   1 |  541.0 |
       Dungeon |    541 |    541 |      0 |      0 |    467 |   1 |  541.0 |
               +--------+--------+--------+--------+--------+-----+--------+

Top non-repeatable levels by time:
     D:1: 541 daAuts
